AoeStats
← uli2099

MegaRandom

510062981Analyzed
2v2 RM · 4d ago on Sep 29, 2026· 43m 39s· 4 players
Game mode
Random Map
Map size
Medium (4 player)
Population
200
Speed
Normal
Resources
Standard
Victory
Conquest
Starting age
Dark Age
Ending age
Imperial Age
RankedLock teamsTeams togetherTeam positionsShared explorationLock speedFull tech treeHidden civsTurbo modeCheats
Victory
Defeat
🇹🇷 Franks · Türkiye
1493
+12
🇮🇳 Vikings · India
1391
+16
🇳🇱 Mongols · Netherlands
1421
-15
🇩🇪 Persians · Germany
1382
-13
uli2099
0:33 Loom
11:51 Feudal Age
12:53 Double-Bit Axe
17:34 Castle Age
15:43 Fishing Lines
15:59 Gold Mining
16:32 Horse Collar
19:02 Wheelbarrow
23:56 Forging
25:45 Bow Saw
26:55 Fletching
34:00 Hand Cart
34:26 Stone Mining
39:41 Scale Barding Armor
42:15 Imperial Age
40:32 Bloodlines
Lindy
0:36 Loom
10:14 Feudal Age
16:55 Castle Age
15:21 Fletching
17:21 Padded Archer Armor
17:34 Bodkin Arrow
26:03 Horse Collar
26:50 Medium Warships
30:22 Ballistics
30:46 Husbandry
32:45 Leather Archer Armor
35:21 Wheelbarrow
36:13 Gold Mining
36:41 Thumb Ring
38:17 Bloodlines
39:53 Masonry
DarkkArtist
0:34 Loom
11:17 Feudal Age
12:00 Double-Bit Axe
14:54 Gold Mining
18:11 Castle Age
16:45 Fishing Lines
17:20 Scale Mail Armor
17:20 Horse Collar
18:53 Forging
21:25 Chain Mail Armor
21:15 Scale Barding Armor
21:05 Gillnets
21:27 Medium Warships
21:51 Squires
30:56 Gold Shaft Mining
31:51 Iron Casting
39:29 Imperial Age
40:39 Iron Casting
40:17 Elite Varangian Guard
41:07 Murder Holes
41:23 Siege Engineers
41:20 Fletching
42:52 Scale Barding Armor
43:32 Arson
45:06 Blast Furnace
44:27 Chain Barding Armor
44:40 Plate Mail Armor
Anatoly
0:34 Loom
12:46 Feudal Age
13:35 Double-Bit Axe
23:50 Castle Age
24:57 Bow Saw
25:07 Medium Warships
25:16 Fletching
25:40 Padded Archer Armor
30:18 Bodkin Arrow
30:52 Scale Mail Armor
31:03 Forging
32:58 Ballistics
36:38 Imperial Age
34:30 Elite Skirmisher
35:45 Gold Mining
36:25 Padded Archer Armor
36:41 Chain Mail Armor
37:57 Leather Archer Armor
37:45 Capped Ram
38:59 Conscription
41:54 Wheelbarrow
41:26 Elite Throwing Axeman
43:09 Cavalier
43:49 Husbandry
43:56 Scale Barding Armor
44:22 Plate Mail Armor
44:27 Iron Casting
Connection lost

Rejoining the realm…

Still unreachable

The connection could not be restored.

Session expired

The server has moved on; the page needs a fresh start.